 Dungeon Crawl Stone Soup version 0.29-a0-559-g359e09b9d1 (webtiles) character file.

Game seed: 10609368939621271497

4 spaghetti the Shooter (level 1, 17/17 HPs)
             Began as a Gnoll Wanderer on June 9, 2022.
             Quit the game on level 1 of the Dungeon.
             The game lasted 00:00:44 (477 turns).

spaghetti the Shooter (Gnoll Wanderer)               Turns: 477, Time: 00:00:45

Health: 17/17      AC:  6    Str: 13    XL:     1   Next: 60%
Magic:  1/1        EV:  9    Int: 11    God:
Gold:   17         SH:  4    Dex:  9    Spells: 0/0 levels left

rFire   . . .      SeeInvis .   a - +0 hunting sling (vorpal) {sling}
rCold   . . .      Faith    .   (no shield)
rNeg    . . .      Spirit   .   c - +0 scale mail
rPois   +          Reflect  .   (no helmet)
rElec   .          Harm     .   (no cloak)
rCorr   .          Rampage  .   (no gloves)
Will    .....                   (no boots)
Stlth   ..........              (no amulet)
HPRegen 0.05/turn               (no ring)
MPRegen 0.07/turn               (no ring)

@: no status effects
A: fangs 1, strong nose, distributed training, large bone plates 1, poison
resistance
a: no special abilities


You were on level 1 of the Dungeon.
You visited 1 branch of the dungeon, and saw 1 of its levels.

You collected 17 gold pieces.


Innate Abilities, Weirdness & Mutations

You have very sharp teeth.
Your uncanny sense of smell can sniff out nearby items.
Your experience applies equally to all skills.
You are partially covered in large bone plates. (SH +4)
Your system is resistant to poisons. (rPois)


   Skills:
 + Level 2.4 Fighting
 + Level 0.1 Short Blades
 + Level 0.1 Long Blades
 + Level 0.1 Axes
 + Level 0.1 Maces & Flails
 + Level 0.1 Polearms
 + Level 0.1 Staves
 + Level 6.4 Slings
 + Level 6.4 Bows
 + Level 0.1 Crossbows
 + Level 2.4 Throwing
 + Level 2.4 Armour
 + Level 2.4 Dodging
 + Level 0.1 Stealth
 + Level 0.1 Shields
 + Level 0.1 Unarmed Combat
 + Level 0.1 Spellcasting
 + Level 0.1 Conjurations
 + Level 0.1 Hexes
 + Level 0.1 Summonings
 + Level 0.1 Necromancy
 + Level 0.1 Translocations
 + Level 0.1 Transmutations
 + Level 0.1 Fire Magic
 + Level 0.1 Ice Magic
 + Level 0.1 Air Magic
 + Level 0.1 Earth Magic
 + Level 0.1 Poison Magic
 + Level 0.2 Invocations
 + Level 0.1 Evocations


You couldn't memorise any spells.
You didn't know any spells.
Your spell library was empty.

Inventory:

Hand Weapons
 a - a +0 vorpal hunting sling (weapon) {sling}
 b - a +0 shortbow {bow}
Missiles
 e - 42 stones {throwing}
Armour
 c - a +0 scale mail (worn)
Scrolls
 f - a scroll of amnesia {unknown}
Potions
 d - a potion of curing {unknown}

Dungeon Overview and Level Annotations

Branches:
Dungeon (1/15)

Altars:

Shops:
D:1

= ## ##. ##.. ...
### .K ..# #. #.#
#.###.# #.@...#
.######..#
.........#
#######.## ##+## #.#
##...## #.#
##.....## #### #.#
#...>...## ##..###.#
.........###....##.#


You could see a kobold.


Message History

Press: ? - help, Q - select action, (/) - cycle Shift-Dir - straight line, f/p - kobold
Aim: a kobold, wielding a +0 whip and quivering stones (severely wounded, 47% to hit)
You shoot a sling bullet.
The sling bullet barely misses the kobold.
You block the kobold's attack.
The endoplasm hits you but does no damage.
The kobold hits you but does no damage. The endoplasm freezes you.
You are frozen. 😮 HP[-4]
You take 4 damage, and now have 11/17 hp.
MASSIVE DAMAGE!! (PAUSE) Fire: a) +0 hunting sling (vorpal) {sling}
Press: ? - help, Q - select action, (/) - cycle Shift-Dir - straight line, f/p - kobold
Aim: a kobold, wielding a +0 whip and quivering stones (severely wounded, 47% to hit)
You shoot a sling bullet.
The sling bullet hits the kobold but does no damage.
The endoplasm freezes you.
You are frozen.
You block the kobold's attack. 😮 HP[-1]
You take 1 damage, and now have 10/17 hp.
Fire: a) +0 hunting sling (vorpal) {sling}
Press: ? - help, Q - select action, (/) - cycle Shift-Dir - straight line, f/p - kobold
Aim: a kobold, wielding a +0 whip and quivering stones (severely wounded, 47% to hit)
You shoot a sling bullet.
The sling bullet barely misses the kobold.
The kobold hits you but does no damage. The endoplasm closely misses you.
Fire: a) +0 hunting sling (vorpal) {sling}
Press: ? - help, Q - select action, (/) - cycle Shift-Dir - straight line, f/p - kobold
Aim: a kobold, wielding a +0 whip and quivering stones (severely wounded, 47% to hit)
You shoot a sling bullet.
The sling bullet closely misses the kobold.
The kobold closely misses you. You block the endoplasm's attack.
The endoplasm barely misses you. You block the kobold's attack.
Fire: a) +0 hunting sling (vorpal) {sling}
Press: ? - help, Q - select action, (/) - cycle Shift-Dir - straight line, f/p - kobold
Aim: a kobold, wielding a +0 whip and quivering stones (severely wounded, 47% to hit)
You shoot a sling bullet.
The sling bullet closely misses the kobold.
The kobold barely misses you. The endoplasm closely misses you.
Fire: a) +0 hunting sling (vorpal) {sling}
Press: ? - help, Q - select action, (/) - cycle Shift-Dir - straight line, f/p - kobold
Aim: a kobold, wielding a +0 whip and quivering stones (severely wounded, 47% to hit)
You shoot a sling bullet.
The sling bullet completely misses the kobold.
The kobold hits you but does no damage. The endoplasm barely misses you.
The kobold hits you but does no damage. The endoplasm barely misses you.
Fire: a) +0 hunting sling (vorpal) {sling}
Press: ? - help, Q - select action, (/) - cycle Shift-Dir - straight line, f/p - kobold
Aim: a kobold, wielding a +0 whip and quivering stones (severely wounded, 47% to hit)
You shoot a sling bullet. The sling bullet hits the kobold.
You kill the kobold!
The endoplasm closely misses you.
Fire: a) +0 hunting sling (vorpal) {sling}
Press: ? - help, Q - select action, (/) - cycle Shift-Dir - straight line, f - endoplasm
Aim: an endoplasm (85% to hit)
You shoot a sling bullet.
The sling bullet hits the endoplasm but does no damage.
The endoplasm hits you. x2
* * * LOW HITPOINT WARNING * * *
😨 HP[-2]
You take 2 damage, and now have 8/17 hp.
Fire: a) +0 hunting sling (vorpal) {sling}
Press: ? - help, Q - select action, (/) - cycle Shift-Dir - straight line, f/p - endoplasm
Aim: an endoplasm (85% to hit)
You shoot a sling bullet.
The sling bullet completely misses the endoplasm.
The endoplasm freezes you.
You are frozen.
* * * LOW HITPOINT WARNING * * *
😱 HP[-5]
You take 5 damage, and now have 3/17 hp.
MASSIVE DAMAGE!! (PAUSE) Fire: a) +0 hunting sling (vorpal) {sling}
Press: ? - help, Q - select action, (/) - cycle Shift-Dir - straight line, f/p - endoplasm
Aim: an endoplasm (85% to hit)
You shoot a sling bullet. The sling bullet hits the endoplasm.
The endoplasm hits you but does no damage.
Fire: a) +0 hunting sling (vorpal) {sling}
Press: ? - help, Q - select action, (/) - cycle Shift-Dir - straight line, f/p - endoplasm
Aim: an endoplasm (severely wounded, 85% to hit)
You shoot a sling bullet. The sling bullet hits the endoplasm.
You kill the endoplasm!
Key pressed, stopping explore.
Key pressed, stopping explore.
Key pressed, stopping explore.
e - 42 stones {throwing} (gained 4)
You see here a +0 whip {mace}. 😎 HP[+14]
Your hp is fully restored (17).
There is an entrance to Buenouwe's Jewellery Boutique here.
Unknown command.
You now have 9 gold pieces.
Found a stone staircase leading down.
You now have 17 gold pieces (gained 8).
d - a grey potion A kobold comes into view.
It is wielding a +0 short sword.
The kobold shouts!
A kobold is nearby!
Are you sure you want to abandon this character and quit the game? (Confirm with "yes".)

Action                   || total
-------------------------++-------
 Fire: Hunting sling     ||    22
  Use: Potion            ||     1
Armor: Scale mail        ||     7
Dodge: Dodged            ||    12
Block: Other             ||     8

Levels and vault maps discovered:
D:1:      dpeg_arrival_lava_temple_mockup, layout_loops_corners, serial_shops,
          nicolae_shop_advertising_works [nicolae_subvault_shop_adworks],
          minmay_indecisive_spiral

Notes
Turn   | Place    | Note
-------+----------+-------------------------------------------
     0 | D:1      | spaghetti the Gnoll Wanderer began the quest for the Orb.
     0 | D:1      | spaghetti set off with the following items: a +0 vorpal
                  | hunting sling {sling}, a +0 shortbow {bow}, a +0 scale
                  | mail, a potion of mutation {!q}
     0 | D:1      | Reached XP level 1. HP: 17/17 MP: 1/1
     0 | D:1      | magus.rc [v1.9.6]
    39 | D:1      | Gained mutation: Your system is resistant to poisons.
                  | (rPois) [potion of mutation]
    39 | D:1      | Gained mutation: You are partially covered in large bone
                  | plates. (SH +4) [potion of mutation]
   148 | D:1      | Found Buenouwe's Jewellery Boutique.
   165 | D:1      | HP: 3/17 [frozen (5)]
   477 | D:1      | Quit the game

Vanquished Creatures
  An endoplasm (D:1)
  A kobold (D:1)
  A quokka (D:1)
3 creatures vanquished.

Table legend:
 A = Non-vault XP
 B = Vault XP
 C = Vault XP percentage of total XP
 D = Non-vault monster count
 E = Vault monster count
 F = Vault count percentage of total count
                 A         B        C        D         E       F
            +---------+---------+-------+---------+---------+-------
      Total |       6 |       0 |   0.0 |       3 |       0 |   0.0
            +---------+---------+-------+---------+---------+-------
        D:1 |       6 |       0 |   0.0 |       3 |       0 |   0.0
            +---------+---------+-------+---------+---------+-------

Illustrated notes

Table legend:
 A = Kills in this place as a percentage of kills in entire the game.
 B = Kills by you in this place as a percentage of kills by you in the entire game.
 C = Kills by friends in this place as a percentage of kills by friends in the entire game.
 D = Other kills in this place as a percentage of other kills in the entire game.
 E = Experience gained in this place as a percentage of experience gained in the entire game.
 F = Experience gained in this place divided by the number of levels of this place that you have seen.
                   A       B       C       D       E      F
               +-------+-------+-------+-------+-------+----------------------
         Total | 100.0 | 100.0 |   N/A |   N/A | 100.0 |   6.0
       Dungeon | 100.0 | 100.0 |   N/A |   N/A | 100.0 |   6.0
               +-------+-------+-------+-------+-------+----------------------

Table legend: (Time is in decaauts)
 A = Elapsed time spent in this place.
 B = Non-inter-level travel time spent in this place.
 C = Inter-level travel time spent in this place.
 D = Time resting spent in this place.
 E = Time spent auto-exploring this place.
 F = Levels seen in this place.
 G = Mean time per level.
                   A        B        C        D        E       F      G
               +--------+--------+--------+--------+--------+-----+--------+
         Total |    486 |    486 |      0 |      0 |    442 |   1 |  486.0 |
       Dungeon |    486 |    486 |      0 |      0 |    442 |   1 |  486.0 |
               +--------+--------+--------+--------+--------+-----+--------+

Top non-repeatable levels by time:
     D:1: 486 daAuts
